 Dungeon Crawl Stone Soup version 0.31-a0-229-g1fc7ce93e2 (webtiles) character file.

Game seed: 14402624636935940338

292 promet the Sneak (level 6, 0/38 HPs)
             Began as a Kobold Brigand on July 6, 2023.
             Slain by Menkaure (16 damage)
             ... on level 4 of the Dungeon.
             The game lasted 00:18:57 (3946 turns).

promet the Sneak (Kobold Brigand)                   Turns: 3946, Time: 00:18:58

Health: 0/38       AC:  7    Str: 10    XL:     6   Next: 59%
Magic:  15/15      EV: 14    Int: 13    God:
Gold:   92         SH:  0    Dex: 16    Spells: 5/5 levels left

rFire   . . .        a - +2 dagger
rCold   . . .        (no shield)
rNeg    . . .        h - +0 leather armour
rPois   .            (no helmet)
rElec   .            o - +1 cloak
rCorr   .            t - +0 pair of gloves
SInv    .            j - +0 pair of boots
Will    .....        (no amulet)
Stlth   +++++        c - ring of magical power
HPRegen 0.26/turn    (no ring)
MPRegen 0.14/turn

%: no passive effects
@: no status effects
A: small, no large weapons, nightstalker 3
a: no special abilities


You were on level 4 of the Dungeon.
You visited 1 branch of the dungeon, and saw 4 of its levels.

You collected 92 gold pieces.

Inventory:

Hand Weapons
 a - a +2 dagger (weapon)
 g - a +0 spear
 k - a +0 spear
 q - a +0 dagger of holy wrath
Missiles
 d - 10 poisoned darts (quivered)
 e - 2 curare-tipped darts
 n - 10 stones
Armour
 b - a +0 robe
 h - a +0 leather armour (worn)
 j - a +0 pair of boots (worn)
 o - a +1 cloak (worn)
 t - a +0 pair of gloves (worn)
Jewellery
 c - a ring of magical power (left hand)
 s - an amulet of magic regeneration
Scrolls
 f - a scroll of poison
 m - 2 scrolls of identify
 p - a scroll of brand weapon
 r - a scroll of butterflies
Potions
 i - a potion of cancellation


   Skills:
 * Level 4.0 Fighting
 + Level 4.2 Short Blades
 + Level 2.4 Throwing
 + Level 1.2 Armour
 + Level 1.7 Dodging
 + Level 7.8 Stealth


You had 5 spell levels left.
You didn't know any spells.
Your spell library was empty.

Dungeon Overview and Level Annotations

Branches:
Dungeon (4/15)
 Temple: D:4-7

Altars:
Cheibriados
Vehumet

Annotations:
D:3 1 transporter, innerfire43's ghost, weakling DsMo
D:4 Menkaure


Innate Abilities, Weirdness & Mutations

You are small and have problems with some larger weapons.
You are completely attuned to the shadows.


Message History

You hit the black bear but do no damage.
The black bear is almost dead.
The black bear bites you. The black bear barely misses you.
The black bear claws you but does no damage.
You hit the black bear.
The black bear is almost dead.
The black bear bites you! The black bear claws you. x2
You hit the black bear.
The black bear is almost dead.
The black bear misses you. x2; The black bear claws you.
You hit the black bear.
You kill the black bear!
Your Fighting skill increases to level 4!
Your Short Blades skill increases to level 4!
Your Armour skill increases to level 1!
You start resting.
HP restored.
You start waiting.
Done waiting.
d - 10 poisoned darts (gained 1)
You see here a +0 scale mail.
Menkaure, Prince of Dust comes into view.
Menkaure shouts!
You hit Menkaure but do no damage.
Menkaure calls on the powers of darkness!
Your body is wracked with pain!
You hit Menkaure.
Menkaure is lightly damaged.
You hit Menkaure.
Menkaure is moderately damaged.
Menkaure closely misses you.
You closely miss Menkaure.
Menkaure is moderately damaged.
You feel better. Menkaure hits you!
Okay, then.
Okay, then.
You completely miss Menkaure.
Menkaure is moderately damaged.
Menkaure hits you!
You die...

*,**,,,,,**,* ##.####.,*~,*,*
,,****,*,*,**##.......,****,*
*******,,,** #..(..##,**,**,*
**,,,,,,,** ##.(.##*,**,,,,*
********,***####..###,**,****
*,*~,#........,**,*
*,*~,####..###***,* *,*~,*
#÷M...,,,,*
*,*~,####@####*****
*,*~,#......#
######,*~,####.#.#
#......#~,* #[#.#
**#.####.#,,##*#.#,#
,,#.##...#~~#..#.#.#
,,#.##...##**#.#.#.#
,,#........*##.....#
,,####.###.,....<..##


You could see Menkaure.

Vanquished Creatures
  A black bear (D:4)
  An orc priest (D:3)
  Natasha (twice) (D:2)
  3 adders (D:2)
  3 worms
  5 dart slugs
  2 orcs (D:3)
  3 bats
  4 endoplasms
  A giant cockroach (D:1)
  6 goblins
  11 hobgoblins
  4 jackals
  3 quokkas
  7 ball pythons
  4 frilled lizards
  5 kobolds
  5 rats
70 creatures vanquished.

Notes
Turn   | Place    | Note
-------+----------+-------------------------------------------
     0 | D:1      | promet the Kobold Brigand began the quest for the Orb.
     0 | D:1      | Reached XP level 1. HP: 12/12 MP: 1/1
   100 | D:1      | Reached XP level 2. HP: 17/18 MP: 2/2
   594 | D:1      | Reached skill level 6 in Stealth
   594 | D:1      | Reached XP level 3. HP: 22/22 MP: 3/3
  1600 | D:2      | Reached XP level 4. HP: 27/27 MP: 4/4
  1745 | D:2      | Noticed Natasha
  1749 | D:2      | Killed Natasha
  1801 | D:2      | Reached skill level 7 in Stealth
  1827 | D:2      | You fall into a shaft and drop 2 floors!
  1865 | D:3      | Reached XP level 5. HP: 32/32 MP: 5/5
  1971 | D:3      | Found a transporter.
  1973 | D:3      | Identified the +4 giant spiked club of the Ring {freeze,
                  | rPois rN+ Stlth-}
  1973 | D:3      | Noticed an ogre
  1974 | D:3      | Noticed innerfire43's ghost (weakling DsMo)
  1980 | D:3      | Noticed an ogre
  2047 | D:2      | Noticed Natasha
  2061 | D:2      | Killed Natasha
  2678 | D:3      | Found a radiant altar of Vehumet.
  2772 | D:3      | Found a faded altar of an unknown god.
  2815 | D:3      | Found a snail-covered altar of Cheibriados.
  3188 | D:3      | Reached XP level 6. HP: 37/37 MP: 6/6
  3728 | D:4      | Noticed a black bear
  3762 | D:4      | Killed a black bear
  3763 | D:4      | Reached skill level 1 in Armour
  3939 | D:4      | Noticed Menkaure
  3946 | D:4      | Slain by Menkaure

Illustrated notes

Levels and vault maps discovered:
D:1:      grunt_arrival_lava_bath, layout_basic,
          nicolae_kite_square_tiling_tiny, minmay_bisected
D:2:      layout_rooms, uniq_natasha
D:3:      layout_loops_corners, mainiacjoe_overflow_alcove_4,
          nicolae_vehumet_radiance, dreamdust_ecumenical_altar_sealed_demon,
          gammafunk_ghost_smash
D:4:      layout_loops_corners, nicolae_wu_jian_immortal_techniques,
          nzn_hepliaklqana_mist_gate, serial_shops, shop, serial_aquarium,
          aquarium_bridge_straight [aquarium_subvault_bridge,
          aquarium_subvault_wall, aquarium_subvault_bridge,
          aquarium_subvault_window], aquarium_bridge_square
          [aquarium_subvault_window, aquarium_subvault_wall,
          aquarium_subvault_wall, aquarium_subvault_bridge],
          aquarium_window_fake, aquarium_window_corridor_2, aquarium_window_2,
          aquarium_view_2f, aquarium_pool_corner, uniq_eustachio, uniq_pikel,
          uniq_edmund, uniq_menkaure

Skill      XL: |  1  2  3  4  5  6 |
---------------+-------------------+-----
Stealth        | 6 7 |  7.8
Short Blades   | 3 4 |  4.2
Fighting       | 3 4 |  4.0
Armour         | 1 |  1.2
Throwing       | |  2.4
Dodging        | |  1.7

Action                     |  1- 3 |  4- 6 || total
---------------------------+-------+-------++-------
  Melee: Dagger            |    55 |   114 ||   169
  Throw: Dart              |       |     4 ||     4
    Use: Scroll            |     4 |     5 ||     9
         Potion            |     2 |     1 ||     3
   Stab: Sleeping          |    20 |    18 ||    38
         Distracted        |     1 |       ||     1
 Armour: Robe              |     4 |       ||     4
         Leather armour    |     1 |    26 ||    27
  Dodge: Dodged            |    17 |    64 ||    81

Table legend: (Time is in decaauts)
 A = Elapsed time spent in this place.
 B = Non-inter-level travel time spent in this place.
 C = Inter-level travel time spent in this place.
 D = Time resting spent in this place.
 E = Time spent auto-exploring this place.
 F = Levels seen in this place.
 G = Mean time per level.
                   A        B        C        D        E       F      G
               +--------+--------+--------+--------+--------+-----+--------+
         Total |   3927 |   3858 |     69 |    819 |   1071 |   4 |  981.8 |
       Dungeon |   3927 |   3858 |     69 |    819 |   1071 |   4 |  981.8 |
               +--------+--------+--------+--------+--------+-----+--------+

Top non-repeatable levels by time:
     D:1: 1477 daAuts
     D:3: 1417 daAuts
     D:2: 712 daAuts
     D:4: 320 daAuts
